 Dungeon Sprint DCSS version 0.30.1-11-g7821555f0a (webtiles) character file.

Game seed: 10134607057694744444

3116295 Groucho the End of an Era (level 21, 201/201 HPs)
             Began as a Minotaur Fighter on Jan 2, 2024.
             Was the Champion of Qazlal.
             Escaped with the Orb
             ... and 3 runes!
             The game lasted 01:25:29 (22478 turns).

Groucho the End of an Era (Minotaur Fighter)       Turns: 22478, Time: 01:25:29

Health: 201/201    AC: 45    Str: 27    XL:     21   Next: 0%
Magic:  37/37      EV: 22    Int:  5    God:    Qazlal [******]
Gold:   296        SH: 40    Dex: 13    Spells: 29/29 levels left

rFire   + + +        T - +13 sceptre of Asmodeus
rCold   + . .        L - +3 tower shield {rN+}
rNeg    + + .        n - +7 ice dragon scales
rPois   +            I - +1 hat of the Pleiades {rElec rF+ rN+ Stlth+}
rElec   +            l - +4 cloak
rCorr   .            c - +1 pair of gloves
SInv    +            a - +4 pair of boots
Will    +....        O - amulet "Aggiwul" {Reflect Rampage rF++ Regen+ Dex-2 SH+5}
Stlth   +            Y - ring of Cumolass {Wiz rF+ rC+}
HPRegen 1.33/turn    M - ring "Baihuase" {rPois Slay+5}
MPRegen 0.25/turn

%: no teleportation, repel missiles, reflection, rampage, wizardry (x1)
@: studying Unarmed Combat
A: horns 2, retaliatory headbutt, talons 1, iridescent scales 1, see invisible,
frail 1, sense surroundings 1, screaming 2, inhibited regeneration, cold
vulnerability 2, inability to read after injury 1
0: Orb of Zot
}: 3/3 runes: silver, golden, iron
a: Renounce Religion, Upheaval, Elemental Force, Disaster Area


You escaped.
You worshipped Qazlal.
Qazlal was exalted by your worship.
You visited 1 branch You collected 296 gold pieces.

Inventory:

Hand Weapons
 s - a +11 broad axe of flaming
 B - a +9 demon whip of pain
 D - the +8 autumn katana {manifold assault}
   (You found it in the Dungeon)
 E - the +7 morningstar of Kureor {flame, Int+3}
   (You found it in the Dungeon)

   Int:       It affects your intelligence (+3).
 J - a +6 trishula of holy wrath
 P - the +11 demon blade "Jig Qigh" {flame, rN+ Str+2 Int+3 Stlth+}
   (You found it in the Dungeon)

   Str:       It affects your strength (+2).
   Int:       It affects your intelligence (+3).
   rN:        It protects you from negative energy.
   Stlth:     It makes you more stealthy.
 T - the +13 sceptre of Asmodeus (weapon)
   (You took it off Asmodeus in the Dungeon)

   Fire Summon: It may summon demons of flame and damnation when striking foes.
Missiles
 t - 13 javelins
 v - 18 boomerangs (quivered)
 N - 2 silver javelins
Armour
 a - a +4 pair of boots (worn)
 c - a +1 pair of gloves (worn)
 l - a +4 cloak (worn)
 n - +7 ice dragon scales (worn)
 C - +2 gold dragon scales
 I - the +1 hat of the Pleiades (worn) {rElec rF+ rN+ Stlth+}
   (You found it in the Dungeon)

   rF:        It protects you from fire.
   rElec:     It insulates you from electricity.
   rN:        It protects you from negative energy.
   Stlth:     It makes you more stealthy.
 L - a +3 tower shield of positive energy (worn)
 U - +10 fire dragon scales
Jewellery
 j - the ring of Plog {rF+ Will++ Str-2 SInv}
   (You found it in the Dungeon)

   [ring of protection from fire]

   Str:       It affects your strength (-2).
   rF:        It protects you from fire.
   SInv:      It lets you see invisible.
   Will:      It greatly increases your willpower.
 k - the ring of Quj Foju {rElec rF+ AC+6}
   (You found it in the Dungeon)

   [ring of protection]

   AC:        It affects your AC (+6).
   rF:        It protects you from fire.
   rElec:     It insulates you from electricity.
 p - the ring of Ikuciu {rF+ Int+6}
   (You found it in the Dungeon)

   [ring of protection from fire]

   Int:       It affects your intelligence (+6).
   rF:        It protects you from fire.
 r - the ring "Noothreu" {rN+ Will+ Int+3}
   (You found it in the Dungeon)

   [ring of willpower]

   Int:       It affects your intelligence (+3).
   rN:        It protects you from negative energy.
   Will:      It increases your willpower.
 K - the ring of Attitude {rF+ rC+}
   (You took it off a rakshasa in the Dungeon)

   [ring of protection from cold]

   rF:        It protects you from fire.
   rC:        It protects you from cold.
 M - the ring "Baihuase" (right hand) {rPois Slay+5}
   (You found it in the Dungeon)

   [ring of slaying]

   Slay:      It affects your accuracy & damage with ranged weapons and melee
   (+5).
   rPois:     It protects you from poison.
 O - the amulet "Aggiwul" (around neck) {Reflect Rampage rF++ Regen+ Dex-2 SH+5}
   (You found it in the Dungeon)

   [amulet of reflection]

   It reflects blocked missile attacks.
   Dex:       It affects your dexterity (-2).
   rF:        It greatly protects you from fire.
   Regen:     It increases your rate of health regeneration.
   SH:        It affects your SH (+5).
   Rampage:   It bestows one free step when moving towards enemies.
 R - a +6 ring of evasion
 S - the amulet of Jyigoc {Reflect Slay+3 SH+5}
   (You found it in the Dungeon)

   [amulet of reflection]

   It reflects blocked missile attacks.
   Slay:      It affects your accuracy & damage with ranged weapons and melee
   (+3).
   SH:        It affects your SH (+5).
 V - the ring "Raexeenuz" {rPois rN+++ Str+6 Int+2 Dex-4}
   (You found it in the Dungeon)

   [ring of strength]

   Str:       It affects your strength (+6).
   Int:       It affects your intelligence (+2).
   Dex:       It affects your dexterity (-4).
   rPois:     It protects you from poison.
   rN:        It renders you almost immune to negative energy.
 W - the ring of Kalic {rPois rF+}
   (You found it in the Dungeon)

   [ring of protection from fire]

   rF:        It protects you from fire.
   rPois:     It protects you from poison.
 Y - the ring of Cumolass (left hand) {Wiz rF+ rC+}
   (You found it in the Dungeon)

   [ring of wizardry]

   It improves your spell success rate.
   rF:        It protects you from fire.
   rC:        It protects you from cold.
Wands
 q - a wand of polymorph (5)
 F - a wand of acid (8)
 H - a wand of roots (12)
 Z - a wand of mindburst (7)
Scrolls
 m - 6 scrolls of amnesia
 o - 2 scrolls of vulnerability
 u - 9 scrolls of identify
 w - 6 scrolls of fear
 x - 2 scrolls of poison
 y - a scroll of enchant armour
 A - 3 scrolls of fog
 Q - a scroll of brand weapon
 X - a scroll of enchant weapon
Potions
 b - 3 potions of brilliance
 d - 6 potions of might
 e - 2 potions of curing
 f - 16 potions of heal wounds
 g - 8 potions of haste
 h - 6 potions of magic
 i - 8 potions of berserk rage
 z - 3 potions of resistance
Miscellaneous
 G - the horn of Geryon


   Skills:
 O Level 27 Fighting
 + Level 7.5(18.1) Short Blades
 O Level 27 Long Blades
 O Level 27 Axes
 O Level 27 Maces & Flails
 O Level 27 Polearms
 + Level 8.1(25.5) Staves
 + Level 7.5 Ranged Weapons
 + Level 17.2 Throwing
 O Level 27 Armour
 O Level 27 Dodging
 + Level 6.2 Stealth
 O Level 27 Shields
 + Level 14.4 Unarmed Combat
 + Level 4.7 Spellcasting
 + Level 5.2 Conjurations
 + Level 4.6 Hexes
 + Level 5.1 Summonings
 + Level 5.0 Necromancy
 + Level 5.1 Translocations
 + Level 5.7 Transmutations
 + Level 5.0 Fire Magic
 + Level 5.1 Ice Magic
 + Level 5.1 Air Magic
 + Level 5.8 Earth Magic
 + Level 5.0 Poison Magic
 O Level 27 Invocations
 O Level 27 Evocations


You had 29 spell levels left.
You didn't know any spells.
Your spell library contained the following spells:

 Spells                   Type           Power      Damage    Failure   Level
 Beastly Appendage        Tmut           12%        N/A       1%          1
 Sandblast                Erth           14%        2d6       1%          1
 Magic Dart               Conj           24%        1d4       2%          1
 Passwall                 Tmut/Erth      5%         N/A       2%          2
 Wereblood                Tmut           6%         N/A       2%          2
 Blink                    Tloc           12%        N/A       3%          2
 Momentum Strike          Conj/Tloc      12%        3d8       3%          2
 Call Imp                 Summ           12%        N/A       4%          2
 Cigotuvi's Dreadful Rot  Necr/Pois/Air  12%        N/A       4%          2
 Ensorcelled Hibernation  Hex/Ice        12%        N/A       4%          2
 Scorch                   Fire           12%        2d5       4%          2
 Sublimation of Blood     Necr           6%         N/A       4%          2
 Spider Form              Tmut/Pois      6%         N/A       6%          3
 Stone Arrow              Conj/Erth      12%        3d7       6%          3
 Ignite Poison            Fire/Tmut/Pois 6%         N/A       7%          3
 Mephitic Cloud           Conj/Pois/Air  6%         N/A       8%          3
 Vampiric Draining        Necr           6%         2d6       8%          3
 Vhi's Electric Charge    Tloc/Air       12%        N/A       8%          3
 Volatile Blastmotes      Fire/Tloc      12%        2d11      8%          3
 Inner Flame              Hex/Fire       6%         N/A       9%          3
 Portal Projectile        Hex/Tloc       12%        N/A       9%          3
 Tukima's Dance           Hex            5%         N/A       9%          3
 Manifold Assault         Tloc           6%         N/A       24%         4
 Passage of Golubria      Tloc           6%         N/A       24%         4
 Sticky Flame             Conj/Fire      6%         2d3       24%         4
 Anguish                  Hex/Necr       3%         N/A       26%         4
 Animate Dead             Necr           6%         N/A       26%         4
 Dispel Undead            Necr           6%         3d8       26%         4
 Blade Hands              Tmut           3%         N/A       45%         5
 Irradiate                Conj/Tmut      3%         3d12      47%         5
 Borgnjor's Vile Clutch   Necr/Erth      3%         N/A       50%         5
 Arcjolt                  Conj/Air       3%         1d13      52%         5
 Freezing Cloud           Conj/Ice/Air   3%         6-21      52%         5
 Iskenderun's Battlesphe  Conj           6%         2d6       52%         5
 Silence                  Hex/Air        3%         N/A       56%         5
 Iron Shot                Conj/Erth      3%         9d2       95%         6
 Plasma Beam              Fire/Air       3%         2x1d14    97%         6
 Starburst                Conj/Fire      3%         6d3       97%         6
 Death Channel            Necr           3%         N/A       98%         6
 Dragon Form              Tmut           3%         N/A       100%        7
 Haunt                    Necr/Summ      3%         N/A       100%        7
 Spellforged Servitor     Conj/Summ      3%         N/A       100%        7
 Summon Hydra             Summ           3%         N/A       100%        7
 Borgnjor's Revivificati  Necr           3%         N/A       100%        8
 Ignition                 Fire           3%         3d4       100%        8
 Infestation              Necr           3%         N/A       100%        8
 Lehudib's Crystal Spear  Conj/Erth      3%         10d2      100%        8
 Necromutation            Tmut/Necr      3%         N/A       100%        8
 Death's Door             Necr           3%         N/A       100%        9


Dungeon Overview and Level Annotations

Branches:
Dungeon (1/1)

Altars:
Ashenzari
Cheibriados
Dithmenos
Elyvilon
Fedhas
Gozag
Hepliaklqana
Kikubaaqudgha
Makhleb
Nemelex Xobeh
Okawaru
Qazlal
Ru
Sif Muna
Trog
Uskayaw
Vehumet
Wu Jian
Xom
Yredelemnul
Zin
The Shining One
Jiyva
Lugonu


Innate Abilities, Weirdness & Mutations

You have a pair of horns on your head.
You reflexively headbutt those who attack you in melee.
You have sharp toenails.
You are partially covered in iridescent scales. (AC +2)
You have supernaturally acute eyesight. (SInv)
You are frail. (-10% HP)
You passively map a small area around you.
You frequently scream uncontrollably at your foes.
You do not regenerate when monsters are visible.
You are very vulnerable to cold. (rC--)
You occasionally lose the ability to read scrolls when taking damage.


Message History

You start resting.
An Orb Guardian comes into view.
Your balrug is engulfed in freezing vapours.
An Orb Guardian is nearby!
An Orb Guardian is nearby!
An Orb Guardian is nearby!
Unknown command.
An Orb Guardian is nearby!
An Orb Guardian is nearby!
Unknown command.
An Orb Guardian is nearby!
Unknown command.
You rampage towards the Orb Guardian!
You block the Orb Guardian's attack.
You completely miss the Orb Guardian. You headbutt the Orb Guardian!
The Orb Guardian is lightly wounded.
Your balrug gestures at the Orb Guardian.
The bolt of fire hits the Orb Guardian!
You block the Orb Guardian's attack.
You flatten the Orb Guardian like a pancake!!!
The Orb Guardian is severely wounded.
The Orb Guardian hits you but does no damage.
Your balrug gestures at the Orb Guardian.
The bolt of fire hits the Orb Guardian!!
The Orb Guardian dies!
Qazlal accepts your kill.
You have reached level 21!
Your experience leads to an increase in your attributes!
Your base attributes are Str 27, Int 5, Dex 13.
Increase (S)trength, (I)ntelligence, or (D)exterity?
You feel agile. x2
Unknown command.
Unknown command.
Unknown command.
There is a staircase leading out of the dungeon, spattered with blood here.
You see here a +1 scythe of protection.
You start resting.
Magic restored.
You start resting.
Your balrug disappears in a puff of smoke!
HP restored.
You have escaped!

##########.##...........)....''..
#...........'))........).....')..
#'#####'#####)...).#..#......##..
#.#..#..#..##..[....))).)....##..
#.#..)..'..#####'#####)'#########
#.##'####'###.......##''#########
#.#........##..○..°.##..........#
#.#........##..°..§.##.........))
#.#####'#####...@...##..#####)).#
#)#...)))[.##.°.....##..'...#.)).
#)#...)))[.##.§○.○..##..#...#....
#'###########.......##..#...#.###
#[......#..###########..#####.'..
#.###...#.############..).....#..
#.#.....#.#....#..[[##........#..
#.#...#.#)#....#..[[###'###...#..
#.....#.#.)....'...)##....'...#'#


There were no monsters in sight!

Vanquished Creatures
  Asmodeus (D)
  Gloorx Vloq (D)
  3 ancient liches (D)
  4 orbs of fire (D)
  Mennas (D)
  2 royal mummies (D)
  Boris (D)
  the Lernaean hydra (D)
  5 Killer Klowns (D)
  Frederick (D)
  Xtahua (D)
  Margery (D)
  Geryon (D)
  2 curse toes (D)
  Nikola (D)
  5 pearl dragons (D)
  A profane servitor (D)
  Jory (D)
  2 bone dragons (D)
  3 Brimstone Fiends (D)
  A hellephant (D)
  3 electric golems (D)
  4 Tzitzimimeh (D)
  2 tentacled monstrosities (D)
  3 liches (D)
  27 Orb Guardians (D)
  2 Ice Fiends (D)
  8 Hell Sentinels (D)
  A quicksilver dragon (D)
  3 deep elf master archers (D)
  20 titans (D)
  2 acid blobs (D)
  2 deep elf blademasters (D)
  8 pandemonium lords (D)
  A sphinx (D)
  3 storm dragons (D)
  2 shadow dragons (D)
  2 draconian monks (D)
  A daeva (D)
  2 nagarajas (D)
  2 emperor scorpions (D)
  11 frost giants (D)
  4 rockslimes (D)
  An azure jelly (D)
  13 fire giants (D)
  2 draconian knights (D)
  2 deep elf sorcerers (D)
  4 ghost moths (D)
  4 iron dragons (D)
  Louise (D)
  2 draconian scorchers (D)
  A balrug (D)
  4 cacodemons (D)
  2 draconian shifters (D)
  4 orc warlords (D)
  18 stone giants (D)
  A spriggan defender (D)
  3 reapers (D)
  A war gargoyle (D)
  An ophan (D)
  3 green draconians (D)
  4 deep elf demonologists (D)
  A purple draconian (D)
  3 apis (D)
  2 black draconians (D)
  A yellow draconian (D)
  2 lorocyprocas (D)
  A minotaur (D)
  2 deep elf annihilators (D)
  2 blizzard demons (D)
  4 deep elf death magi (D)
  A mummy priest (D)
  4 green deaths (D)
  3 merfolk javelineers (D)
  15 ettins (D)
  5 yaktaur captains (D)
  2 deep elf high priests (D)
  A rakshasa (D)
  Harold (D)
  3 fire dragons (D)
  A great orb of eyes (D)
  4 vault guards (D)
  A hell beast (D)
  An alligator snapping turtle (D)
  A hydra (D)
  An anaconda (D)
  3 ice dragons (D)
  4 two-headed ogres (D)
  2 alligators (D)
  A catoblepas (D)
  An ogre mage (D)
  A boulder beetle (D)
  2 vampire magi (D)
  2 naga warriors (D)
  2 sun demons (D)
  3 hell knights (D)
  3 spriggan berserkers (D)
  2 soul eaters (D)
  A deep elf knight (D)
  3 sixfirhies (D)
  7 iron trolls (D)
  2 spriggan druids (D)
  A death drake (D)
  A shadow demon (D)
  A bog body (D)
  2 cherubim (D)
  2 swamp dragons (D)
  A death drake (shapeshifter) (D)
  13 deep trolls (D)
  2 phantasmal warriors (D)
  A lindwurm (D)
  8 orc knights (D)
  3 necromancers (D)
  A wolf spider (D)
  A wizard (D)
  A deep elf pyromancer (D)
  2 orc sorcerers (D)
  An ugly thing (D)
  27 cyclopes (D)
  A moth of wrath (D)
  A manticore (D)
  2 rust devils (D)
  2 naga magi (D)
  3 eyes of devastation (D)
  A black mamba (D)
  3 orange demons (D)
  2 demonic crawlers (D)
  A smoke demon (D)
  3 komodo dragons (D)
  2 cane toads (D)
  A rime drake (D)
  2 unseen horrors (D)
  11 yaktaurs (D)
  A freezing wraith (D)
  An efreet (D)
  2 hellions (D)
  5 tormentors (D)
  2 ice devils (D)
  A guardian mummy (D)
  11 merfolk (D)
  2 red devils (D)
  10 trolls (D)
  A wind drake (D)
  A wandering mushroom (D)
  2 hornets (D)
  A tyrant leech (D)
  A tarantella (D)
  A jumping spider (D)
  A vampire (D)
  6 yaks (D)
  2 water elementals (D)
  3 fire elementals (D)
  2 spriggans (D)
  A wyvern (D)
  2 golden eyes (D)
  A vampire mosquito (D)
  A chaos spawn (D)
  A neqoxec (D)
  13 redbacks (D)
  A redback (shapeshifter) (D)
  An acid dragon (D)
  A water moccasin (D)
  A floating eye (D)
  A sky beast (D)
  3 orc warriors (D)
  2 large abominations (D)
  A small abomination (D)
  10 ogres (D)
  4 wolves (D)
  A scorpion (D)
  A bullfrog (D)
  A gnoll sergeant (D)
  A crimson imp (D)
  2 quasits (D)
  A jelly (D)
  A hound (D)
  3 iguanas (D)
  An orc priest (D)
  2 iron imps (D)
  A gnoll bouda (D)
  3 orc wizards (D)
  9 gnolls (D)
  A river rat (D)
  A white imp (D)
  3 adder skeletons (D)
  3 worms (D)
  An adder simulacrum (D)
  3 orcs (D)
  A bat skeleton (D)
  A giant cockroach (D)
  A goblin (D)
  5 jackals (D)
  A kobold (D)
  A ball python zombie (D)
  2 bats (D)
  A bat simulacrum (D)
  A frilled lizard (D)
  A quokka simulacrum (D)
  A quokka zombie (D)
582 creatures vanquished.

Vanquished Creatures (collateral kills)
  A Killer Klown (D)
  A curse toe (D)
  A golden dragon (D)
  3 titans (D)
  2 Orb Guardians (D)
  5 fire giants (D)
  An ophan (D)
  A reaper (D)
  A vampire knight (D)
  A green death (D)
  A vault guard (D)
  A dancing weapon (D)
  A cyclops (D)
20 creatures vanquished.

Vanquished Creatures (others)
  A blizzard demon (D)
  An orc wizard (D)
2 creatures vanquished.

Grand Total: 604 creatures vanquished

Notes
Turn   | Place    | Note
-------+----------+-------------------------------------------
     0 | D        | Groucho the Minotaur Fighter began the quest for the Orb.
     0 | D        | Reached XP level 1. HP: 19/19 MP: 0/0
    13 | D        | Reached XP level 2. HP: 26/28 MP: 1/1
    39 | D        | Found a glowing golden altar of the Shining One.
    39 | D        | Found a glowing silver altar of Zin.
    39 | D        | Found a basalt altar of Yredelemnul.
    39 | D        | Found a shimmering altar of Xom.
    39 | D        | Found an ornate altar of the Wu Jian Council.
    39 | D        | Found a bloodstained altar of Trog.
    39 | D        | Found a shimmering blue altar of Sif Muna.
    39 | D        | Found a sacrificial altar of Ru.
    39 | D        | Found a stormy altar of Qazlal.
    39 | D        | Found an iron altar of Okawaru.
    39 | D        | Found a sparkling altar of Nemelex Xobeh.
    39 | D        | Found a burning altar of Makhleb.
    39 | D        | Found a viscous altar of Jiyva.
    39 | D        | Found a hazy altar of Hepliaklqana.
    39 | D        | Found an opulent altar of Gozag.
    39 | D        | Found a blossoming altar of Fedhas.
    39 | D        | Found a white marble altar of Elyvilon.
    39 | D        | Found a shadowy altar of Dithmenos.
    39 | D        | Found a snail-covered altar of Cheibriados.
    40 | D        | Found a radiant altar of Vehumet.
    40 | D        | Found a corrupted altar of Lugonu.
    41 | D        | Found an ancient bone altar of Kikubaaqudgha.
    41 | D        | Found a hide-covered altar of Uskayaw.
    41 | D        | Found a broken altar of Ashenzari.
    44 | D        | Became a worshipper of Qazlal Stormbringer
    65 | D        | Reached * piety under Qazlal
    80 | D        | Reached skill level 1 in Invocations
   441 | D        | Reached ** piety under Qazlal
   448 | D        | Reached skill level 5 in Fighting
   449 | D        | Reached skill level 5 in Shields
   449 | D        | Reached XP level 3. HP: 36/36 MP: 1/3
   456 | D        | Reached skill level 5 in Armour
   459 | D        | Reached *** piety under Qazlal
   641 | D        | Noticed a bullfrog
   648 | D        | Reached skill level 5 in Axes
   648 | D        | Reached XP level 4. HP: 44/44 MP: 1/5
   649 | D        | Reached **** piety under Qazlal
   659 | D        | Reached XP level 5. HP: 50/51 MP: 2/6
   867 | D        | Reached skill level 5 in Invocations
   867 | D        | Reached XP level 6. HP: 61/61 MP: 1/8
  1264 | D        | Noticed a red devil
  1266 | D        | Killed a red devil
  1267 | D        | Reached XP level 7. HP: 63/69 MP: 2/10
  1807 | D        | Noticed a guardian mummy
  1808 | D        | Noticed a wyvern
  1813 | D        | Killed a wyvern
  1824 | D        | Killed a guardian mummy
  1825 | D        | Reached skill level 10 in Fighting
  1825 | D        | Reached skill level 10 in Armour
  1825 | D        | Reached skill level 10 in Shields
  1825 | D        | Reached XP level 8. HP: 34/79 MP: 2/12
  2262 | D        | Noticed a manticore
  2263 | D        | Noticed a komodo dragon
  2264 | D        | Killed a manticore
  2265 | D        | Reached skill level 10 in Axes
  2271 | D        | Killed a komodo dragon
  2552 | D        | Killed a ghost moth
  2553 | D        | Reached XP level 9. HP: 81/90 MP: 0/15
  2844 | D        | Noticed a swamp dragon
  2848 | D        | Killed a swamp dragon
  3124 | D        | Noticed a phantasmal warrior
  3124 | D        | Noticed a troll
  3126 | D        | Noticed a phantasmal warrior
  3129 | D        | Killed a troll
  3130 | D        | Reached skill level 10 in Invocations
  3135 | D        | Killed a phantasmal warrior
  3136 | D        | Killed a phantasmal warrior
  3137 | D        | Reached XP level 10. HP: 37/101 MP: 4/16
  3172 | D        | Noticed a demonic crawler
  3539 | D        | Killed a demonic crawler
  4027 | D        | Noticed Harold
  4032 | D        | Killed Harold
  4156 | D        | Reached ***** piety under Qazlal
  4201 | D        | Noticed a cane toad
  4203 | D        | Killed a cane toad
  4522 | D        | Noticed a cane toad
  4529 | D        | Killed a cane toad
  4622 | D        | Noticed an alligator
  4628 | D        | Killed an alligator
  4629 | D        | Reached skill level 15 in Fighting
  4629 | D        | Reached skill level 15 in Armour
  4629 | D        | Reached skill level 15 in Shields
  4629 | D        | Reached XP level 11. HP: 112/112 MP: 12/19
  4696 | D        | Noticed a merfolk javelineer
  4700 | D        | Killed a merfolk javelineer
  5075 | D        | Noticed a deep elf pyromancer
  5076 | D        | Noticed a boulder beetle
  5083 | D        | Killed a deep elf pyromancer
  5084 | D        | Reached skill level 15 in Invocations
  5088 | D        | Killed a boulder beetle
  6261 | D        | Noticed a lindwurm
  6265 | D        | Killed a lindwurm
  6884 | D        | Noticed an emperor scorpion
  6891 | D        | Killed an emperor scorpion
  6892 | D        | Reached XP level 12. HP: 119/119 MP: 6/24
  7296 | D        | Noticed an orc warlord
  7296 | D        | Noticed an orc warlord
  7323 | D        | Reached skill level 5 in Unarmed Combat
  7341 | D        | Noticed a stone giant
  7345 | D        | Killed a stone giant
  7404 | D        | Noticed a vault guard
  7412 | D        | Killed a vault guard
  7414 | D        | Noticed a yaktaur captain
  7426 | D        | Killed a yaktaur captain
  7427 | D        | Reached skill level 10 in Unarmed Combat
  7427 | D        | Reached skill level 1 in Dodging
  7439 | D        | Noticed a yaktaur captain
  7454 | D        | Killed a yaktaur captain
  7475 | D        | Reached skill level 15 in Axes
  7475 | D        | Reached skill level 5 in Dodging
  7565 | D        | Noticed a yaktaur captain
  7567 | D        | Killed a yaktaur captain
  7590 | D        | Noticed a yaktaur captain
  7592 | D        | Killed a yaktaur captain
  7857 | D        | Noticed a naga warrior
  7863 | D        | Killed a naga warrior
  7864 | D        | Reached XP level 13. HP: 115/127 MP: 6/26
  7867 | D        | Killed an orc warlord
  7948 | D        | Killed an orc warlord
  8447 | D        | Got the +7 morningstar of Kureor {flame, Int+3}
  8496 | D        | Noticed a deep elf master archer
  8499 | D        | Killed a deep elf master archer
  8616 | D        | Reached skill level 10 in Dodging
  8632 | D        | Reached skill level 5 in Maces & Flails
  8632 | D        | Reached ****** piety under Qazlal
  8633 | D        | Identified the +2 triple crossbow "Dika" {flame, rF+ Int-2
                  | Stlth+}
  8633 | D        | Noticed a minotaur
  8638 | D        | Killed a minotaur
  9049 | D        | Noticed a stone giant
  9061 | D        | Killed a stone giant
  9108 | D        | Noticed a nagaraja
  9114 | D        | Killed a nagaraja
  9229 | D        | Noticed a yellow draconian
  9240 | D        | Killed a yellow draconian
  9319 | D        | Noticed a black draconian knight
  9325 | D        | Killed a black draconian knight
  9809 | D        | Noticed a green draconian
  9812 | D        | Killed a green draconian
  9813 | D        | Reached XP level 14. HP: 141/141 MP: 17/27
  9949 | D        | Noticed a purple draconian shifter
  9957 | D        | Killed a purple draconian shifter
 10499 | D        | Noticed a deep elf sorcerer
 10501 | D        | Killed a deep elf sorcerer
 10569 | D        | Noticed Boris
 10587 | D        | Killed Boris
 10588 | D        | Reached skill level 10 in Maces & Flails
 10771 | D        | Noticed a green draconian monk
 10774 | D        | Noticed an emperor scorpion
 10776 | D        | Killed a green draconian monk
 10784 | D        | Killed an emperor scorpion
 11049 | D        | Noticed a sphinx
 11053 | D        | Paralysed by a sphinx for 4 turns
 11058 | D        | Killed a sphinx
 11200 | D        | Got Kura's Octavo of Dislocated Incandescence
 11224 | D        | Got the amulet "Civos" {RegenMP *Corrode Fragile Dex+7}
 11226 | D        | Got the ring "Niwoq" {Fly Will+ Str-2 Dex+4 SInv}
 11228 | D        | Got the amulet of Duxull {Spirit Regen+ MP+9 Str+4}
 11230 | D        | Got the amulet of Webec {RegenMP rF- Dex+5}
 11232 | D        | Got the amulet "Howulucw" {Reflect rElec SH+5}
 11234 | D        | Got the ring "Dierru" {rPois Str+3 Dex-3 Stlth+}
 11236 | D        | Got the ring "Fefridgh" {rC+ rCorr Int+4}
 11238 | D        | Got the ring "Baihuase" {rPois Slay+5}
 11240 | D        | Got the ring of Arimem {*Corrode rN+ Dex+8 Slay+5 Stlth-}
 11242 | D        | Got the amulet "Aggiwul" {Reflect Rampage rF++ Regen+ Dex-2
                  | SH+5}
 11245 | D        | Got the amulet "Bietry" {RegenMP Regen+ Int+4 Dex-2}
 11247 | D        | Got the amulet of Bousm {RegenMP rC- Str+5 Int+6}
 11249 | D        | Got the amulet of the King {Spirit Str-3 Int+6 Slay-3}
 11251 | D        | Got the ring "Werat" {Fire rN+}
 11264 | D        | Got the ring of Qatol {rElec rC+ MP-9 Dex+4 SInv}
 11266 | D        | Got the ring of Pugor {Ice rPois rCorr Int+2 Dex+2}
 11268 | D        | Got the ring "Raexeenuz" {rPois rN+++ Str+6 Int+2 Dex-4}
 11270 | D        | Got the ring of Kalic {rPois rF+}
 11272 | D        | Got the ring of Sacuy {rPois Str+5}
 11275 | D        | Got the ring of Cumolass {Wiz rF+ rC+}
 11277 | D        | Got the ring of Taalusme {rN+ Int+6}
 11306 | D        | Got the ring "Zianas" {*Slow rF++ rC+ rN+++ Str-3}
 11308 | D        | Got the ring of Quj Foju {rElec rF+ AC+6}
 11310 | D        | Got the ring of Ikuciu {rF+ Int+6}
 11312 | D        | Got the ring "Noothreu" {rN+ Will+ Int+3}
 11314 | D        | Got the ring "Qoelyi Kuimm" {rPois Int+3}
 11316 | D        | Got the ring "Aptyodd" {rC+ Int+4}
 11318 | D        | Got the ring of Attitude {Fire rPois Will+ Int+2 Stlth-}
 11536 | D        | Noticed an ophan
 11540 | D        | Killed an ophan
 11578 | D        | Noticed Margery
 11599 | D        | Killed Margery
 11915 | D        | Noticed a red draconian scorcher
 11917 | D        | Reached skill level 15 in Dodging
 11919 | D        | Killed a red draconian scorcher
 12158 | D        | Reached XP level 15. HP: 156/156 MP: 29/29
 12161 | D        | Identified the ring of Attitude {rF+ rC+}
 12255 | D        | Noticed a Hell Sentinel
 12259 | D        | Noticed a storm dragon
 12259 | D        | Noticed Mennas
 12260 | D        | Noticed a bone dragon
 12260 | D        | Noticed a frost giant
 12273 | D        | Killed a Hell Sentinel
 12278 | D        | Killed Mennas
 12282 | D        | Killed a storm dragon
 12309 | D        | Killed a bone dragon
 12316 | D        | Killed a frost giant
 12328 | D        | Noticed a bone dragon
 12341 | D        | Killed a bone dragon
 12342 | D        | Noticed a nagaraja
 12346 | D        | Killed a nagaraja
 12415 | D        | Noticed a storm dragon
 12420 | D        | Killed a storm dragon
 12462 | D        | Found the +8 autumn katana {manifold assault}
 12613 | D        | Noticed a titan
 12614 | D        | Killed a titan
 12615 | D        | Reached XP level 16. HP: 174/174 MP: 22/31
 12698 | D        | Got a silver rune of Zot
 13002 | D        | Noticed a Brimstone Fiend
 13014 | D        | Killed a Brimstone Fiend
 13251 | D        | Noticed an Ice Fiend
 13261 | D        | Killed an Ice Fiend
 13521 | D        | Noticed a lich
 13528 | D        | Killed a lich
 13531 | D        | Noticed a pearl dragon
 13541 | D        | Killed a pearl dragon
 13549 | D        | Reached skill level 5 in Polearms
 13551 | D        | Noticed the 27-headed Lernaean hydra
 13551 | D        | Noticed a lich
 13551 | D        | Noticed Jory
 13551 | D        | Noticed an Ice Fiend
 13551 | D        | Noticed Nikola
 13554 | D        | Killed a lich
 13555 | D        | Killed the 27-headed Lernaean hydra
 13556 | D        | Killed an Ice Fiend
 13557 | D        | Killed Nikola
 13559 | D        | Killed Jory
 13924 | D        | Noticed a royal mummy
 13935 | D        | Killed a royal mummy
 14103 | D        | Noticed a Tzitzimitl
 14112 | D        | Killed a Tzitzimitl
 14412 | D        | Noticed a Hell Sentinel
 14416 | D        | Killed a Hell Sentinel
 14639 | D        | Noticed Frederick
 14639 | D        | Noticed an orb of fire
 14640 | D        | Gained mutation: You are weak. (Str -2) [an orb of fire]
 14645 | D        | Killed Frederick
 14659 | D        | Gained mutation: You have hidden genetic defects. [an orb
                  | of fire]
 14661 | D        | Killed an orb of fire
 14721 | D        | Noticed a pearl dragon
 14726 | D        | Killed a pearl dragon
 14729 | D        | Noticed a Killer Klown
 14739 | D        | Killed a Killer Klown
 14740 | D        | Reached XP level 17. HP: 188/190 MP: 33/33
 14842 | D        | Noticed a curse toe
 14852 | D        | Killed a curse toe
 14853 | D        | Reached skill level 27 in Invocations
 15112 | D        | Noticed a quicksilver dragon
 15117 | D        | Killed a quicksilver dragon
 15126 | D        | Gained mutation: You are vulnerable to cold. (rC-) [hidden
                  | defects]
 15143 | D        | Noticed a titan
 15148 | D        | Killed a titan
 15149 | D        | Reached skill level 27 in Fighting
 15149 | D        | Reached skill level 27 in Armour
 15149 | D        | Reached skill level 27 in Shields
 15326 | D        | Noticed a titan
 15334 | D        | Killed a titan
 15336 | D        | Gained mutation: You sometimes lose your temper in combat.
                  | [a cacodemon]
 15340 | D        | Gained mutation: You occasionally lose the ability to drink
                  | potions when taking damage. [a cacodemon]
 15363 | D        | Lost mutation: You are weak. (Str -2) [potion of mutation]
 15363 | D        | Lost mutation: You occasionally lose the ability to drink
                  | potions when taking damage. [potion of mutation]
 15363 | D        | Lost mutation: You sometimes lose your temper in combat.
                  | [potion of mutation]
 15363 | D        | Gained mutation: You are agile. (Dex +4, Str/Int -1)
                  | [potion of mutation]
 15363 | D        | Gained mutation: You are strong-willed. (Will+) [potion of
                  | mutation]
 15363 | D        | Gained mutation: You are highly strong-willed. (Will++)
                  | [potion of mutation]
 15607 | D        | Noticed Onnueck the pandemonium lord
 15622 | D        | Killed Onnueck the pandemonium lord
 15636 | D        | Noticed a pearl dragon
 15643 | D        | Killed a pearl dragon
 15646 | D        | Noticed Oshiruz the pandemonium lord
 15654 | D        | Killed Oshiruz the pandemonium lord
 15673 | D        | Noticed Tademame the pandemonium lord
 15679 | D        | Killed Tademame the pandemonium lord
 15697 | D        | Gained mutation: You are very vulnerable to cold. (rC--)
                  | [hidden defects]
 15697 | D        | Lost mutation: You have hidden genetic defects. [hidden
                  | defects expressed]
 16037 | D        | Noticed a Tzitzimitl
 16042 | D        | Killed a Tzitzimitl
 16043 | D        | Reached skill level 27 in Dodging
 16043 | D        | Noticed a titan
 16050 | D        | Killed a titan
 16051 | D        | Reached skill level 10 in Polearms
 16052 | D        | Noticed an ancient lich
 16063 | D        | Killed an ancient lich
 16064 | D        | Lost mutation: You are highly strong-willed. (Will++)
                  | [potion of mutation]
 16064 | D        | Lost mutation: You are strong-willed. (Will+) [potion of
                  | mutation]
 16064 | D        | Gained mutation: You are strong-willed. (Will+) [potion of
                  | mutation]
 16064 | D        | Gained mutation: You are weak. (Str -2) [potion of
                  | mutation]
 16064 | D        | Gained mutation: You passively map a small area around you.
                  | [potion of mutation]
 16065 | D        | Lost mutation: You are strong-willed. (Will+) [potion of
                  | mutation]
 16065 | D        | Lost mutation: You are weak. (Str -2) [potion of mutation]
 16065 | D        | Gained mutation: You have supernaturally acute eyesight.
                  | (SInv) [potion of mutation]
 16065 | D        | Gained mutation: You do not regenerate when monsters are
                  | visible. [potion of mutation]
 16065 | D        | Gained mutation: You occasionally shout uncontrollably at
                  | your foes. [potion of mutation]
 16065 | D        | Gained mutation: You are partially covered in iridescent
                  | scales. (AC +2) [potion of mutation]
 16071 | D        | Noticed a Killer Klown
 16074 | D        | Killed a Killer Klown
 16122 | D        | Noticed a Hell Sentinel
 16129 | D        | Killed a Hell Sentinel
 16130 | D        | Reached skill level 5 in Evocations
 16132 | D        | Noticed a Hell Sentinel
 16138 | D        | Killed a Hell Sentinel
 16419 | D        | Got the amulet "Ponk" {Faith Fragile Int+3 Slay+3 SInv}
 16423 | D        | Got the amulet of Puemow {Reflect Contam *Slow rElec Regen+
                  | SH+5}
 16426 | D        | Got the ring "Womneoll" {+Blink rC+ MP-9 Str+8 Slay-3}
 16431 | D        | Got the ring of the Skies Above {rPois AC+4 Int+3 Dex-2}
 16434 | D        | Got an iron rune of Zot
 16445 | D        | Got the amulet of Jyigoc {Reflect Slay+3 SH+5}
 16448 | D        | Got the ring "Ennedwes" {Ice Fly rN++ Str+2 Int-2}
 16453 | D        | Got the ring of Pantheism {rElec Int+6}
 16457 | D        | Got the ring of the King {Wiz *Corrode rElec rF+}
 16504 | D        | Noticed an orb of fire
 16504 | D        | Gained mutation: You are frail. (-10% HP) [an orb of fire]
 16515 | D        | Gained mutation: You have sharp toenails. [an orb of fire]
 16516 | D        | Killed an orb of fire
 16517 | D        | Reached skill level 10 in Long Blades
 16596 | D        | Noticed an orb of fire
 16608 | D        | Killed an orb of fire
 16646 | D        | Found the +13 sceptre of Asmodeus
 16646 | D        | Noticed Asmodeus
 16682 | D        | Killed Asmodeus
 16763 | D        | Noticed a lich
 16766 | D        | Killed a lich
 16769 | D        | Noticed a titan
 16773 | D        | Killed a titan
 16814 | D        | Noticed a titan
 16814 | D        | Noticed a titan
 16814 | D        | Noticed a titan
 16814 | D        | Noticed a titan
 16814 | D        | Noticed a titan
 16814 | D        | Noticed a titan
 16814 | D        | Noticed a titan
 16819 | D        | Noticed a titan
 16819 | D        | Noticed a titan
 16819 | D        | Noticed a titan
 16819 | D        | Noticed a titan
 16819 | D        | Noticed a titan
 16819 | D        | Noticed a titan
 16820 | D        | Killed a titan
 16820 | D        | Killed a titan
 16820 | D        | Killed a titan
 16820 | D        | Killed a titan
 16820 | D        | Killed a titan
 16820 | D        | Killed a titan
 16820 | D        | Killed a titan
 16820 | D        | Killed a titan
 16820 | D        | Killed a titan
 16820 | D        | Killed a titan
 16821 | D        | Reached XP level 18. HP: 125/180 MP: 25/34
 16837 | D        | Reached skill level 27 in Evocations
 16837 | D        | Reached skill level 1 in Throwing
 16842 | D        | Reached skill level 10 in Throwing
 17056 | D        | Got the amulet "Ivvuoq" {Acrobat rF- Str+9}
 17062 | D        | Got the Anthology of Singed Beguiling
 17097 | D        | Got Joixoeke's Octavo of Distorted Necromancy
 17119 | D        | Got the +1 hat of the Pleiades {rElec rF+ rN+ Stlth+}
 17138 | D        | Got a golden rune of Zot
 17307 | D        | Noticed Xyoneosu the pandemonium lord
 17309 | D        | Noticed a hellephant
 17310 | D        | Killed Xyoneosu the pandemonium lord
 17310 | D        | Killed a hellephant
 17311 | D        | Reached skill level 15 in Long Blades
 17311 | D        | Reached skill level 15 in Polearms
 17311 | D        | Reached XP level 19. HP: 144/186 MP: 20/35
 17315 | D        | Noticed Geryon
 17321 | D        | Reached skill level 15 in Maces & Flails
 17333 | D        | Killed Geryon
 17946 | D        | Got the ring of Plog {rF+ Will++ Str-2 SInv}
 17955 | D        | Noticed a royal mummy
 17967 | D        | Killed a royal mummy
 18019 | D        | Noticed a curse toe
 18026 | D        | Killed a curse toe
 18427 | D        | Got the +11 demon blade "Jig Qigh" {flame, rN+ Str+2 Int+3
                  | Stlth+}
 18751 | D        | Noticed Gloorx Vloq
 18752 | D        | Noticed a Killer Klown
 18755 | D        | Noticed a Killer Klown
 18759 | D        | Noticed a Killer Klown
 18761 | D        | Killed a Killer Klown
 18761 | D        | Killed Louise
 18761 | D        | Killed a Killer Klown
 18762 | D        | Killed a Killer Klown
 18778 | D        | Killed Gloorx Vloq
 19555 | D        | Noticed Mutwuam the pandemonium lord
 19558 | D        | Noticed Texar the pandemonium lord
 19558 | D        | Noticed Xtahua
 19559 | D        | Killed a pearl dragon
 19561 | D        | Noticed a golden dragon
 19563 | D        | Noticed a Killer Klown
 19565 | D        | Killed Texar the pandemonium lord
 19566 | D        | Reached XP level 20. HP: 165/194 MP: 26/36
 19568 | D        | Killed Mutwuam the pandemonium lord
 19572 | D        | Killed a golden dragon
 19576 | D        | Killed Xtahua
 19583 | D        | Killed a Killer Klown
 20729 | D        | Noticed a curse toe
 20729 | D        | Noticed an ancient lich
 20742 | D        | Killed an ancient lich
 20743 | D        | Reached skill level 27 in Axes
 20751 | D        | Killed a curse toe
 21054 | D        | Noticed a pearl dragon
 21060 | D        | Killed a pearl dragon
 21061 | D        | Reached skill level 27 in Maces & Flails
 21074 | D        | Reached skill level 27 in Long Blades
 21074 | D        | Reached skill level 27 in Polearms
 21074 | D        | Reached skill level 1 in Short Blades
 21074 | D        | Reached skill level 1 in Staves
 21074 | D        | Reached skill level 1 in Ranged Weapons
 21074 | D        | Noticed an orb of fire
 21076 | D        | Reached skill level 1 in Stealth
 21076 | D        | Reached skill level 1 in Conjurations
 21076 | D        | Reached skill level 1 in Summonings
 21076 | D        | Reached skill level 1 in Translocations
 21076 | D        | Reached skill level 1 in Transmutations
 21076 | D        | Reached skill level 1 in Ice Magic
 21076 | D        | Reached skill level 1 in Air Magic
 21076 | D        | Reached skill level 1 in Earth Magic
 21078 | D        | Reached skill level 1 in Spellcasting
 21078 | D        | Reached skill level 1 in Hexes
 21078 | D        | Reached skill level 1 in Necromancy
 21078 | D        | Reached skill level 1 in Fire Magic
 21078 | D        | Reached skill level 1 in Poison Magic
 21085 | D        | Gained mutation: You frequently scream uncontrollably at
                  | your foes. [an orb of fire]
 21089 | D        | Lost mutation: You are agile. (Dex +4, Str/Int -1) [an orb
                  | of fire]
 21098 | D        | Gained mutation: You occasionally lose the ability to read
                  | scrolls when taking damage. [a cacodemon]
 21100 | D        | Killed an orb of fire
 21531 | D        | Reached skill level 5 in Staves
 21927 | D        | Got the Orb of Zot
 21981 | D        | Reached skill level 5 in Ranged Weapons
 21985 | D        | Reached skill level 5 in Short Blades
 22008 | D        | Noticed Heich the pandemonium lord
 22024 | D        | Killed Heich the pandemonium lord
 22029 | D        | Reached skill level 5 in Stealth
 22187 | D        | Noticed Tiubriz the pandemonium lord
 22187 | D        | Noticed an ancient lich
 22191 | D        | Killed an ancient lich
 22192 | D        | Reached skill level 5 in Transmutations
 22192 | D        | Reached skill level 5 in Earth Magic
 22197 | D        | Paralysed by Tiubriz for 4 turns
 22202 | D        | Killed Tiubriz the pandemonium lord
 22346 | D        | Noticed a profane servitor
 22354 | D        | Killed a profane servitor
 22355 | D        | Reached skill level 5 in Conjurations
 22405 | D        | Reached skill level 5 in Translocations
 22405 | D        | Reached skill level 5 in Ice Magic
 22405 | D        | Reached skill level 5 in Air Magic
 22413 | D        | Reached skill level 5 in Summonings
 22413 | D        | Reached skill level 5 in Necromancy
 22413 | D        | Reached skill level 5 in Fire Magic
 22413 | D        | Reached skill level 5 in Poison Magic
 22440 | D        | Reached XP level 21. HP: 152/201 MP: 34/37
 22478 | D        | Escaped with the Orb!

Illustrated notes

Levels and vault maps discovered:
D:        pitsprint [storerooms_1, entrance_room_1, metal_vault_8, armoury_1,
          mini_pit_1, grid_room_1, main_hall_1, silver_pit, the_coven_1,
          the_vestibule_1, steel_vault_4, golden_pit, hallway_of_sentries,
          crystal_vault_2, iron_vault_3, final_vault]

Skill      XL: |  1  2  3  4  5  6  7  8  9 10 11 12 13 14 15 16 17 18 19 20 |
---------------+-------------------------------------------------------------+-----
Fighting       | 4 5 6 7 8 10 12 13 15 17 20 23 26 27 | 27.0
Axes           | 3 4 5 6 7 8 9 11 13 14 18 25 27 | 27.0
Armour         | 4 5 6 7 8 10 12 13 15 17 20 23 26 27 | 27.0
Shields        | 4 5 6 7 8 10 12 13 15 17 20 23 26 27 | 27.0
Invocations    | 1 3 5 6 7 9 10 12 19 20 21 22 25 26 27 | 27.0
Unarmed Combat | 10 14 | 14.4
Dodging        | 7 11 15 19 22 27 | 27.0
Maces & Flails | 8 11 13 24 27 | 27.0
Polearms       | 7 14 15 23 27 | 27.0
Long Blades    | 14 15 23 27 | 27.0
Evocations     | 25 27 | 27.0
Throwing       | 16 17 | 17.2
Short Blades   | 7 |  7.5
Staves         | 8 |  8.1
Ranged Weapons | 7 |  7.5
Stealth        | 6 |  6.2
Conjurations   | 5 |  5.2
Summonings     | 5 |  5.1
Translocations | 5 |  5.1
Transmutations | 5 |  5.7
Ice Magic      | 5 |  5.1
Air Magic      | 5 |  5.1
Earth Magic    | 5 |  5.8
Spellcasting   | 4 |  4.7
Hexes          | 4 |  4.6
Necromancy     | 5 |  5.0
Fire Magic     | 5 |  5.0
Poison Magic   | 5 |  5.0

Action                     |  1- 3 |  4- 6 |  7- 9 | 10-12 | 13-15 | 16-18 | 19-21 || total
---------------------------+-------+-------+-------+-------+-------+-------+-------++-------
  Melee: War axe           |     3 |       |       |       |       |       |       ||     3
         Hand axe          |    41 |    19 |    57 |   110 |     8 |       |       ||   235
         Headbutt          |     1 |     5 |    10 |    29 |    63 |   136 |    79 ||   323
         Morningstar       |       |       |       |       |   196 |   236 |       ||   432
         Trishula          |       |       |       |       |       |    66 |       ||    66
         Broad axe         |       |       |       |       |       |    56 |       ||    56
         Eveningstar       |       |       |       |       |       |    25 |   248 ||   273
 Invoke: Upheaval          |     1 |     5 |    25 |   111 |   117 |    34 |    87 ||   380
         Disaster Area     |       |       |       |       |     3 |     3 |     7 ||    13
    Use: Potion            |     2 |       |    15 |     3 |     6 |     5 |    11 ||    42
         Scroll            |       |       |       |     1 |     2 |     7 |     1 ||    11
   Stab: Invisible         |     1 |     5 |       |     5 |       |       |       ||    11
         Distracted        |       |       |       |       |       |       |     4 ||     4
 Armour: Scale mail        |     7 |       |       |       |       |       |       ||     7
         Plate armour      |    24 |     9 |    56 |    59 |    36 |       |       ||   184
         Ice dragon scales |       |       |       |       |    17 |    53 |    54 ||   124
  Dodge: Dodged            |    19 |     2 |     9 |    27 |    58 |    60 |    67 ||   242
         Repelled          |       |       |       |       |     1 |     6 |     7 ||    14
  Block: Buckler           |    19 |     5 |    22 |    55 |    48 |       |       ||   149
         Tower shield      |       |       |       |       |   111 |   260 |   270 ||   641
         Reflection        |       |       |       |       |     7 |     6 |    10 ||    23
